 Dungeon Crawl Stone Soup version 0.30.1-3-gfc49f6343a (webtiles) character file.

Game seed: 2623828640948372384

1103 cdecastro the Summoner (level 8, 0/52 HPs)
             Began as a Merfolk Summoner on July 31, 2023.
             Was a Follower of Uskayaw.
             Slain by a yak (14 damage)
             ... on level 5 of the Dungeon.
             The game lasted 00:12:13 (4882 turns).

cdecastro the Summoner (Merfolk Summoner)           Turns: 4882, Time: 00:12:14

Health: 0/52       AC:  5    Str:  8    XL:     8   Next: 32%
Magic:  5/11       EV: 12    Int: 16    God:    Uskayaw [*.....]
Gold:   259        SH:  0    Dex: 15    Spells: 4/11 levels left

rFire   . . .        d - +0 spear
rCold   . . .        (no shield)
rNeg    . . .        a - +0 robe
rPois   .            i - +0 helmet
rElec   .            (no cloak)
rCorr   .            (no gloves)
SInv    .            j - +1 pair of boots
Will    .....        (no amulet)
Stlth   ++           (no ring)
HPRegen 0.28/turn    (no ring)
MPRegen 0.12/turn

%: no passive effects
@: no status effects
A: (nimble swimmer 2), mertail
a: Renounce Religion, Stomp


You were on level 5 of the Dungeon.
You worshipped Uskayaw.
Uskayaw was noncommittal.
You visited 1 branch of the dungeon, and saw 5 of its levels.

You collected 280 gold pieces.
You donated 21 gold pieces to Zin.

Inventory:

Hand Weapons
 d - a +0 spear (weapon)
Missiles
 p - 4 silver boomerangs
 u - 3 boomerangs
Armour
 a - a +0 robe (worn)
 i - a +0 helmet (worn)
 j - a +1 pair of boots (worn)
Scrolls
 c - 5 scrolls of identify {unknown}
 g - 2 scrolls of teleportation {unknown}
 k - a scroll of vulnerability {unknown}
 l - a scroll of blinking {unknown}
 m - a scroll of immolation {unknown}
 n - a scroll of amnesia {unknown}
 o - a scroll of enchant weapon {unknown}
 q - 2 scrolls of fog {unknown}
Potions
 b - a potion of magic
 e - 2 potions of flight {unknown}
 f - 2 potions of curing
 h - a potion of berserk rage {unknown}
 r - a potion of lignification {unknown}
 s - a potion of haste {unknown}
 t - a potion of heal wounds {unknown}
 v - a potion of attraction {unknown}


   Skills:
 - Level 2.6 Dodging
 - Level 2.1 Stealth
 - Level 2.0 Spellcasting
 + Level 10.4 Summonings


You had 4 spell levels left.
You knew the following spells:

 Your Spells              Type           Power      Damage    Failure   Level
a - Summon Small Mammal   Summ           100%       N/A       1%          1
b - Call Canine Familiar  Summ           35%        N/A       1%          3
c - Summon Guardian Gole  Hex/Summ       18%        N/A       8%          3

Your spell library contained the following spells:

 Spells                   Type           Power      Damage    Failure   Level
 Call Imp                 Summ           70%        N/A       1%          2
 Summon Lightning Spire   Summ/Air       18%        N/A       24%         4


Dungeon Overview and Level Annotations

Branches:
Dungeon (5/15)
 Temple: D:4-7

Altars:
Cheibriados
Elyvilon
Fedhas
Hepliaklqana
Okawaru
Uskayaw
Xom
Zin


Innate Abilities, Weirdness & Mutations

((You are very nimble when in or above water. (Stealth+, EV+, Speed+++)))
Your lower body shifts to a powerful aquatic tail in water.


Message History

Confirm with . or Enter, or press ? or * to list all spells.
A guardian golem appears, shielding your allies.
The adder bites you.
Unknown command.
Unknown command.
You hit the adder.
The adder is heavily wounded.
Your hound bites the adder.
The adder completely misses you.
Your hound bites the adder.
The adder bites you but does no damage.
Unknown command.
The yak attacks as you move away! The yak barely misses you.
Your hound misses the adder.
The adder bites your hound but does no damage.
Unknown command.
You hit the yak but do no damage.
Your hound closely misses the adder.
The adder bites your hound but does no damage.
The yak closely misses you.
Your hound bites the adder.
The adder dies!
Unknown command.
You barely miss the yak.
Your hound bites the yak.
The yak gores you!
Your hound barely misses the yak.
Unknown command.
You hit the yak.
The yak is lightly wounded.
The yak gores you!
* * * LOW HITPOINT WARNING * * *
Your hound bites the yak.
Unknown command.
Your hound barely misses the yak.
Your hound bites the yak.
Unknown command.
The yak attacks as you move away! The yak barely misses you.
Unknown command.
The yak attacks as you move away! The yak gores you!
* * * LOW HITPOINT WARNING * * *
Your hound bites the yak but does no damage.
Unknown command.
Casting: Summon Small Mammal (safe; 1% risk of failure)
Press: ? - help, Q - select action, (/) - cycle Dir - look around, f - activate The yak gores you!
You die...

######## #.(....#
########### #......#
#.........# #......#
#<........###
#......###...........#######
#.........†.r...............
#..........@###.............
#..........Y# #.............
#.........h9# #.............
.............+
+......>......
+#######.....#
#...........).
.............#
#.......#.....
.............#
#.......#.....
.............#
#######.#.....
....(........# #.#.....


You could see a yak (ally target), a friendly guardian golem (summoned), a
friendly hound (summoned, sheltered) and a friendly quokka (summoned).

Vanquished Creatures
  A scorpion (D:5)
  A white imp (D:5)
  3 dart slugs (D:4)
  3 ball pythons
  6 endoplasms
  2 giant cockroaches
  10 goblins
  6 hobgoblins
  2 jackals (D:2)
  2 kobolds
  5 quokkas
  6 bats
  2 frilled lizards (D:2)
  3 rats
52 creatures vanquished.

Vanquished Creatures (collateral kills)
  An ice beast (D:5)
  A gnoll bouda (D:3)
  A hound (D:5)
  2 iguanas (D:5)
  Robin (D:3)
  3 gnolls (D:3)
  2 adders
  3 dart slugs (D:4)
  8 orcs
  2 endoplasms
  14 goblins
  5 hobgoblins
  A kobold (D:4)
  2 quokkas
  2 ball pythons
  3 bats
  A rat (D:1)
52 creatures vanquished.

Vanquished Creatures (others)
  4 yaks (D:5)
  An ogre (D:4)
5 creatures vanquished.

Grand Total: 109 creatures vanquished

Notes
Turn   | Place    | Note
-------+----------+-------------------------------------------
     0 | D:1      | cdecastro the Merfolk Summoner began the quest for the Orb.
     0 | D:1      | Reached XP level 1. HP: 13/13 MP: 3/3
   208 | D:1      | Reached XP level 2. HP: 16/19 MP: 5/5
  1044 | D:2      | Reached XP level 3. HP: 19/24 MP: 6/6
  1165 | D:2      | Found a faded altar of an unknown god.
  1175 | D:2      | Reached skill level 5 in Summonings
  1182 | D:2      | Prayed at the altar of an unknown god.
  1182 | D:2      | Became a worshipper of Zin the Law-Giver
  1182 | D:2      | Reached * piety under Zin
  1182 | D:2      | Reached ** piety under Zin
  1606 | D:3      | Noticed Robin
  1643 | D:2      | Learned a level 3 spell: Call Canine Familiar
  1912 | D:3      | HP: 1/24 [Robin/+0 club (1)]
  1918 | D:3      | Killed Robin
  1919 | D:3      | Reached XP level 4. HP: 3/30 MP: 4/7
  2374 | D:3      | Found a white marble altar of Elyvilon.
  2385 | D:3      | Reached *** piety under Zin
  2439 | D:3      | Found a hazy altar of Hepliaklqana.
  2533 | D:3      | Reached skill level 6 in Summonings
  2923 | D:3      | Reached XP level 5. HP: 26/35 MP: 1/8
  3131 | D:3      | Learned a level 3 spell: Summon Guardian Golem
  3276 | D:4      | Found a hide-covered altar of Uskayaw.
  3276 | D:4      | Found a shimmering altar of Xom.
  3276 | D:4      | Found a snail-covered altar of Cheibriados.
  3303 | D:4      | Fell from the grace of Zin
  3303 | D:4      | Became a worshipper of Uskayaw the Reveller
  3503 | D:4      | Reached * piety under Uskayaw
  3907 | D:4      | Noticed an ogre
  4087 | D:5      | Entered Level 5 of the Dungeon
  4140 | D:5      | Reached skill level 7 in Summonings
  4140 | D:5      | Reached XP level 6. HP: 11/41 MP: 7/9
  4264 | D:5      | Found an iron altar of Okawaru.
  4310 | D:5      | Noticed an ice beast
  4329 | D:5      | Killed an ice beast
  4442 | D:5      | Noticed a yak
  4445 | D:5      | Noticed a yak
  4445 | D:5      | Noticed a yak
  4446 | D:5      | Noticed a yak
  4449 | D:5      | Noticed a yak
  4452 | D:5      | Noticed a yak
  4454 | D:5      | Reached ** piety under Uskayaw
  4455 | D:5      | Killed a yak
  4456 | D:5      | Reached skill level 8 in Summonings
  4456 | D:5      | Reached XP level 7. HP: 18/46 MP: 7/10
  4456 | D:5      | Killed a yak
  4465 | D:5      | Killed a yak
  4466 | D:5      | Reached skill level 9 in Summonings
  4469 | D:5      | Killed a yak
  4470 | D:5      | Reached XP level 8. HP: 14/52 MP: 3/11
  4513 | D:4      | Reached skill level 10 in Summonings
  4731 | D:5      | Found a blossoming altar of Fedhas.
  4882 | D:5      | Slain by a yak

Illustrated notes

Levels and vault maps discovered:
D:1:      ldierk_walled_garden_2, layout_basic, hex_intersection
D:2:      layout_basic, shapermc_ecumenical_altar_pompeii
D:3:      kennysheep_the_goblin_king, layout_basic, mainiacjoe_overflow_paths,
          mainiacjoe_overflow_alcove_1, grunt_decor_arrowhead, uniq_robin
D:4:      layout_loops_ring, chequers_temple_overflow_statue_of_worship,
          minmay_ogre_servants
D:5:      layout_basic, fedhas_altar_1,
          mainiacjoe_overflow_concentric_impassable

Skill      XL: |  1  2  3  4  5  6  7  8 |
---------------+-------------------------+-----
Summonings     | 5 6 7 8 9 10 | 10.4
Dodging        | |  2.6
Stealth        | |  2.1
Spellcasting   | |  2.0

Action                     |  1- 3 |  4- 6 |  7- 9 || total
---------------------------+-------+-------+-------++-------
  Melee: Spear             |   170 |   132 |     9 ||   311
         Unarmed           |     6 |       |       ||     6
         Punch             |       |     3 |       ||     3
   Cast: Summon Small Mamm |    27 |     2 |     1 ||    30
         Call Canine Famil |       |    19 |     2 ||    21
         Summon Guardian G |       |     2 |     4 ||     6
    Use: Potion            |       |     2 |       ||     2
   Stab: Sleeping          |     5 |     2 |       ||     7
         Distracted        |     1 |     1 |       ||     2
 Armour: Robe              |    83 |    28 |     1 ||   112
  Dodge: Dodged            |   143 |    72 |    10 ||   225
